 Dungeon Crawl Stone Soup version 0.25-a0-413-g3b4b6a4ccc (webtiles) character file.

Game seed: 8198914428334499460, levelgen mode: deterministic

329242 Borgoz the Bludgeoner (level 21, -4/129 HPs)
             Began as a Gargoyle Berserker on Jan 16, 2020.
             Was a High Priest of Trog.
             Killed by divine providence
             ... invoked by a smoke demon
              (15 damage)
             ... on level 3 of the Abyss.
             The game lasted 01:37:03 (39518 turns).

Borgoz the Bludgeoner (Gargoyle Berserker)         Turns: 39518, Time: 01:37:04

Health: -4/129     AC: 57    Str: 20    XL:     21   Next: 71%
Magic:  22/22      EV: 17    Int: 11    God:    Trog [*****.]
Gold:   4124       SH:  0    Dex: 17    Spells: 20/20 levels left

rFire    + . .     SeeInvis +   a - +6 great mace of Patterns {crush, rElec}
rCold    + . .     Gourm    .   (shield currently unavailable)
rNeg     + + +     Faith    .   s - +9 plate armour of Hide-and-Seek {+Blink rElec rF+ rN++}
rPois    ∞         Spirit   .   w - +2 helmet {SInv}
rElec    +         Reflect  .   N - +0 cloak of Wonder {MR+ Dex+4}
rCorr    .         Harm     .   d - +2 pair of gloves
MR       ++...                  V - +2 pair of boots {Fly}
Stlth    ..........             X - amulet of regeneration
HPRegen  0.71/turn              b - +4 ring of slaying
MPRegen  0.18/turn              H - ring of protection from cold

@: berserk cooldown, flying, slowed, studying 3 skills, very slow
A: big wings, blurry vision 1, [deterioration 1], [frail 2], [low mp 1],
negative energy resistance 1, robust 1, [screaming 1], electricity resistance,
[weak 2], unbreathing, petrification resistance, rot immunity, AC +16
}: 2/15 runes: serpentine, barnacled
a: Stop Flying, Berserk, Trog's Hand, Brothers in Arms, Renounce Religion, Evoke
Blink


You were on level 3 of the Abyss.
You worshipped Trog.
Trog was extremely pleased with you.
You were not hungry.

You visited 6 branches of the dungeon, and saw 35 of its levels.
You visited the Abyss 2 times.
You also visited: Trove, Ossuary, Bailey and Gauntlet.

You collected 5258 gold pieces.
You spent 1134 gold pieces at shops.

Inventory:

Hand Weapons
 a - the +6 great mace of Patterns (weapon) {crush, rElec}
   (Trog gifted it to you on level 3 of the Shoals)

   It inflicts extra damage upon your enemies.
   It insulates you from electricity.
Missiles
 U - 7 throwing nets (quivered)
Armour
 d - a +2 pair of gloves (worn)
 n - the cursed +1 scale mail "Xeos" {+Fly, unknown}
   (You found it on level 3 of the Abyss)

   It lets you fly.
   It has a curse placed upon it.
 s - the +9 plate armour of Hide-and-Seek (worn) {+Blink rElec rF+ rN++}
   (You took it off an orc warlord on level 2 of the Orcish Mines)

   It protects you from fire.
   It insulates you from electricity.
   It greatly protects you from negative energy.
   It lets you blink.
 w - a +2 helmet of see invisible (worn)
 J - the +6 ring mail "Gatwatef" {MR+ Slay+2}
   (You found it on level 4 of the Shoals)

   It affects your accuracy and damage with ranged weapons and melee attacks
   (+2).
   It affects your resistance to hostile enchantments.
 N - the +0 cloak of Wonder (worn) {MR+ Dex+4}
   (You found it on level 5 of the Lair of Beasts)

   It affects your dexterity (+4).
   It affects your resistance to hostile enchantments.
 V - a +2 pair of boots of flying (worn)
Jewellery
 b - a +4 ring of slaying (left hand)
 C - an uncursed ring of resist corrosion
 H - a ring of protection from cold (right hand)
 L - an uncursed ring of fire
 X - an amulet of regeneration (around neck)
Wands
 f - a wand of digging (1)
 j - a wand of acid (14)
 v - a wand of scattershot (13)
 E - a wand of polymorph (14)
 M - a wand of paralysis (11)
 Q - a wand of iceblast (30)
 S - a wand of clouds (2)
Scrolls
 e - 6 scrolls of immolation
 g - 7 scrolls of fear
 q - 8 scrolls of fog
 t - 3 scrolls of blinking
 x - 14 scrolls of teleportation
 z - 4 scrolls of magic mapping
 B - a scroll of identify
 F - a scroll of summoning
 G - a scroll of enchant weapon
 I - 13 scrolls of remove curse
 K - 2 scrolls of holy word
 O - a scroll of enchant armour
Potions
 h - 11 potions of haste
 i - 10 potions of curing
 k - 3 potions of berserk rage
 l - 11 potions of heal wounds
 o - 8 potions of might
 p - 4 potions of resistance
 r - a potion of invisibility
 u - 9 potions of mutation
 D - 3 potions of agility
 W - a potion of ambrosia
Books
 m - a manual of Dodging
 y - a manual of Dodging
 A - a manual of
Armour
 P - a manual of Fighting
Comestibles
 c - 44 rations


   Skills:
 + Level 19.5 Fighting
 * Level 19.6 Maces & Flails
 + Level 19.3 Armour
 * Level 17.9 Dodging
 + Level 5.5 Evocations


You had 20 spell levels left.
You didn't know any spells.
Your spell library was empty.

Dungeon Overview and Level Annotations

Branches:
Dungeon (15/15)            Temple (0/1) D:5            Lair (6/6) D:9
 Shoals (4/4) Lair:3        Snake (4/4) Lair:2        Slime (0/5) Lair:5
    Orc (2/2) D:9             Elf (0/3) Orc:2        Vaults (4/5) D:13
  Crypt (0/3) Vaults:2     Depths (0/5) D:15        Ossuary (visited)
 Bailey (visited)         Gauntlet (visited)

Altars:
Ashenzari
Dithmenos
Hepliaklqana
Kikubaaqudgha
Okawaru
Yredelemnul
Beogh
Jiyva

Shops:
D:11 [   Orc:2 ::}!   Shoals:1 }   Snake:4 ([((?


Innate Abilities, Weirdness & Mutations

You are resistant to torment.
Your stone body is resilient. (AC +16)
You are immune to poison.
Your large and strong wings let you fly indefinitely.
You resist negative energy. (rN+)
You are resistant to electric shocks. (rElec)
You can survive without breathing.
You are immune to petrification.
You are immune to rotting.
Scrolls take you a little longer to read.
You are robust. (+10% HP)
[Your body sometimes deteriorates upon taking damage.]
[You are very frail. (-20% HP)]
[Your magical capacity is low. (-10% MP)]
[You occasionally shout uncontrollably at your foes.]
[You are very weak. (Str -4)]


Message History

The sixfirhy hits you but does no damage. x2
The sixfirhy closely misses you. The sixfirhy completely misses you.
The starcursed mass misses you.
A deafening chorus of shrieks assaults your mind!
* * * LOW HITPOINT WARNING * * *
The starcursed mass barely misses you.
The orange demon stings you but does no damage.
The sixfirhy hits you.
* * * LOW HITPOINT WARNING * * *
The sixfirhy shocks you. You resist.
* * * LOW HITPOINT WARNING * * *
The starcursed mass closely misses you. The smoke demon gestures at you.
Something smites you!
* * * LOW HITPOINT WARNING * * *
The starcursed mass engulfs you but does no damage.
The cacodemon closely misses you. The cacodemon misses you.
The smoke demon gestures at you. Something smites you!
You die...

# ..... X#.##.
....##. .#..
......# . #...
#....##.. #..
#...... . ##..3
#3....#. #..5X#
X# # .# ##
#..5XX#X#.### .#
..###XX@2...##..
## ##
#...#X34.[# #.#
#.....##.#.##
#.. ..#
.##......# # ..
## #.. ## #...
#.#.## ##.. .##
# # . .... # ..
. . †# .


You could see 7 starcursed masses, a cacodemon, an orange demon, a large
abomination, a sixfirhy, 2 smoke demons, an iron imp and a quasit.

Vanquished Creatures
  A bone dragon (Abyss:3)
  Rupert (Snake:1)
  2 liches
  A tentacled monstrosity (Vaults:3)
  Polyphemus (Shoals:3)
  A sphinx (Vaults:2)
  3 krakens
  13 nagarajas
  A warmonger (Abyss:3)
  Ilsuiw (Shoals:2)
  Donald (Vaults:1)
  A draconian knight (Abyss:3)
  An orc warlord (Orc:2)
  Louise (Shoals:2)
  A deep elf sorcerer (Vaults:2)
  6 vault wardens
  A draconian shifter (Abyss:3)
  13 ironheart preservers
  The ghost of Tux the Warrior, a journeyman FoFi of Makhleb (Lair:5)
  A corrupter (Abyss:3)
  2 very ugly things (Vaults:3)
  A stone giant (Vaults:3)
  2 entropy weavers (D:13)
  9 dire elephants
  2 small abominations
  A deep elf annihilator (Vaults:2)
  A minotaur (Gauntlet)
  An eidolon (Abyss:3)
  5 merfolk javelineers
  6 merfolk impalers
  3 deep elf death magi (Vaults:2)
  3 fire dragons
  4 great orbs of eyes
  3 yaktaur captains
  The ghost of emperorscorpion the Prestidigitator, a journeyman DDBe of Trog (Orc:2)
  5 hydras
  9 naga warriors
  5 rakshasas
  10 vault guards
  An ice dragon (Vaults:2)
  9 merfolk aquamancers
  2 merfolk avatars (Shoals:3)
  An alligator snapping turtle (Shoals:4)
  A catoblepas (Shoals:2)
  2 death knights
  9 centaur warriors
  18 anacondas
  A deep troll earth mage (Vaults:3)
  3 satyrs
  22 two-headed ogres
  2 deep troll shamans (Vaults:4)
  6 ogre magi
  A queen ant (D:13)
  11 death yaks
  4 thrashing horrors (Abyss:3)
  Urug (Lair:4)
  An orc high priest (Orc:2)
  2 tengu warriors
  8 shock serpents
  2 deep elf knights
  7 naga sharpshooters
  Nergalle (D:10)
  2 spatial maelstroms (Abyss:3)
  2 salamander mystics (Snake:3)
  A wretched star (Abyss:3)
  A sixfirhy (Gauntlet)
  20 sea snakes
  A sea snake (shapeshifter) (Abyss:3)
  5 unseen horrors
  The ghost of twoshot the Thaumaturge, a novice GnWz (D:8)
  5 deep trolls
  A shadow wraith (Vaults:3)
  6 wizards
  A shadow demon (Abyss:3)
  A flayed ghost (Vaults:3)
  7 naga ritualists
  10 ironbrand convokers
  6 starcursed masses (Abyss:3)
  6 deep elf archers
  11 mana vipers
  13 orc knights
  16 deep elf magi
  2 oklob plants
  A necromancer (D:15)
  4 orc sorcerers
  A wolf spider (Vaults:4)
  2 worldbinders (Abyss:3)
  4 harpies (Lair:3)
  A shining eye (Abyss:3)
  22 ugly things
  9 salamanders
  12 cyclopes
  13 manticores
  18 fauns
  10 merfolk sirens
  5 vault sentinels
  3 guardian serpents (Snake:4)
  8 centaur zombies
  38 black mambas
  16 elephants
  15 naga magi
  A torpor snail (Lair:6)
  A gargoyle (D:12)
  3 water nymphs
  A spiny frog (shapeshifter) (Vaults:2)
  13 spiny frogs
  5 centaur skeletons
  3 komodo dragons
  Maggie (D:12)
  A rime drake (Lair:5)
  A yaktaur (shapeshifter) (Vaults:3)
  3 freezing wraiths
  A redback zombie (D:13)
  A tormentor (Abyss:3)
  16 yaktaurs
  3 tengu conjurers
  2 meliai (shapeshifter)
  A jumping spider (Vaults:2)
  31 merfolk
  8 trolls
  A polar bear (shapeshifter) (D:15)
  Grinder (D:3)
  3 wind drakes
  A raiju (shapeshifter) (Vaults:3)
  18 slime creatures
  21 dream sheep
  14 snapping turtles
  12 hippogriffs
  2 shadows
  Sigmund (D:5)
  A redback (Vaults:2)
  2 wraiths
  2 centaur simulacra
  14 water elementals
  51 yaks
  A tarantella (Vaults:2)
  3 wyverns
  2 large abominations (Abyss:3)
  3 hogs (D:10)
  A golden eye (shapeshifter) (Vaults:2)
  A neqoxec (Abyss:3)
  A human simulacrum (Vaults:1)
  4 hungry ghosts
  A human (D:10)
  3 basilisks
  A steam dragon (D:14)
  3 vampire mosquitoes (D:14)
  3 swamp worms (Gauntlet)
  7 wargs
  51 nagas
  6 spatial vortices (Abyss:3)
  10 soldier ants
  3 acid dragons
  16 water moccasins
  10 porcupines
  54 orc warriors
  An ice beast (D:12)
  2 sky beasts
  A hornet zombie (D:14)
  4 black bears
  2 phantoms
  An eye of draining (D:13)
  11 wolves
  4 boggarts (Vaults:2)
  18 ogres
  25 centaurs
  15 crocodiles
  17 bullfrogs
  9 scorpions
  2 hornet simulacra
  4 water moccasin zombies (Ossuary)
  2 wyvern skeletons
  19 killer bees
  7 wights
  5 electric eels
  A howler monkey (D:3)
  7 crimson imps
  2 bullfrog zombies
  6 quasits
  9 hounds
  13 orc priests
  21 orc wizards
  6 bullfrog skeletons
  5 jellies
  8 iguanas
  23 worker ants
  A big kobold zombie (Ossuary)
  A bullfrog simulacrum (Gauntlet)
  3 hound skeletons
  2 mummies (Ossuary)
  A howler monkey zombie (D:11)
  A worker ant zombie (D:6)
  12 gnolls
  7 adders
  5 shadow imps
  A white imp (Abyss:3)
  3 ufetubi (Gauntlet)
  An ooze (D:5)
  2 adder skeletons
  6 adder zombies (Ossuary)
  5 worms
  A dart slug (D:1)
  2 leopard geckos
  94 orcs
  8 bats
  5 giant cockroaches
  2 gnoll zombies (Ossuary)
  9 goblins
  3 hobgoblins
  8 jackals
  20 kobolds
  7 quokkas
  2 ball pythons
  3 frilled lizards
  4 hobgoblin zombies (Ossuary)
  7 kobold zombies (Ossuary)
  4 orc zombies (Ossuary)
  A quokka zombie (D:6)
  6 rats
  A bush (Lair:6)
  A crawling corpse (Vaults:2)
  4 plants (Lair:6)
  8 tentacles
1465 creatures vanquished.

Vanquished Creatures (collateral kills)
  A nagaraja (Snake:4)
  An entropy weaver (Vaults:2)
  A deep elf death mage (Vaults:2)
  A naga sharpshooter (Snake:4)
  A sea snake (Snake:4)
  3 oklob plants (Lair:5)
  A guardian serpent (Snake:4)
  A naga mage (Snake:3)
  A spiny frog (Lair:5)
  A merfolk (Shoals:1)
  A redback (Vaults:2)
  2 nagas (Snake:3)
  A centaur (D:13)
  A worker ant (D:13)
  An orc (D:13)
18 creatures vanquished.

Vanquished Creatures (others)
  A kraken (Shoals:4)
  A merfolk avatar (Shoals:4)
  A satyr (Shoals:3)
  A cyclops (Shoals:4)
  A merfolk siren (Shoals:3)
  A merfolk (Shoals:3)
  A naga (Snake:4)
  An ogre (Vaults:2)
  An orc priest (Orc:1)
  An orc (Orc:2)
  11 demonic plants (Gauntlet)
  8 fungi
  12 plants
  19 tentacles
  4 toadstools (D:7)
64 creatures vanquished.

Grand Total: 1547 creatures vanquished

Notes
Turn   | Place    | Note
-------+----------+-------------------------------------------
     0 | D:1      | Borgoz the Gargoyle Berserker began the quest for the Orb.
     0 | D:1      | Reached XP level 1. HP: 14/14 MP: 1/1
   432 | D:1      | Reached XP level 2. HP: 15/19 MP: 2/2
  1060 | D:2      | Reached XP level 3. HP: 15/23 MP: 3/3
  1079 | D:2      | Reached ** piety under Trog
  1546 | D:2      | Reached XP level 4. HP: 29/29 MP: 4/4
  2289 | D:3      | Reached XP level 5. HP: 31/33 MP: 5/5
  2644 | D:3      | Noticed Grinder
  2687 | D:3      | Killed Grinder
  2687 | D:3      | Reached XP level 6. HP: 28/40 MP: 6/6
  2952 | D:3      | Noticed a phantom
  2970 | D:3      | Killed a phantom
  2970 | D:3      | Reached skill level 5 in Fighting
  2970 | D:3      | Reached XP level 7. HP: 41/44 MP: 7/7
  3101 | D:4      | Reached *** piety under Trog
  3387 | D:4      | Reached skill level 5 in Maces & Flails
  3500 | D:4      | Reached skill level 5 in Armour
  3749 | D:4      | Reached XP level 8. HP: 45/51 MP: 8/8
  4033 | D:5      | Entered Level 5 of the Dungeon
  4037 | D:5      | Noticed Sigmund
  4061 | D:5      | Killed Sigmund
  4403 | D:5      | Found a staircase to the Ecumenical Temple.
  4491 | D:5      | Reached **** piety under Trog
  5303 | D:6      | Reached XP level 9. HP: 57/57 MP: 9/9
  5319 | D:6      | Reached skill level 5 in Dodging
  5836 | D:7      | Found a sand-covered staircase.
  5847 | Ossuary  | Entered an ossuary
  5953 | Ossuary  | Reached ***** piety under Trog
  5953 | Ossuary  | Received a gift from Trog
  6547 | D:7      | Got a pitted whip
  6548 | D:7      | Identified the +11 whip "Necho" {chaos, *Corrode rElec rC+}
                  | (You found it on level 7 of the Dungeon)
  7078 | D:8      | Reached XP level 10. HP: 44/64 MP: 10/10
  7184 | D:8      | Found a transporter.
  7184 | D:8      | Noticed twoshot's ghost (novice GnWz)
  7210 | D:8      | Found a transporter.
  7240 | D:8      | Received a gift from Trog
  7367 | D:8      | Noticed a two-headed ogre
  7377 | D:8      | Killed a two-headed ogre
  7939 | D:9      | Found a staircase to the Lair.
  8060 | D:9      | Found a staircase to the Orcish Mines.
  8101 | D:9      | Found a flagged portal.
  8122 | Bailey   | Entered a bailey
  8248 | Bailey   | Noticed an orc knight
  8249 | Bailey   | Found an iron altar of Okawaru.
  8280 | Bailey   | Killed an orc knight
  8811 | D:9      | Found a hazy altar of Hepliaklqana.
  9090 | D:10     | Entered Level 10 of the Dungeon
  9106 | D:10     | Reached XP level 11. HP: 54/71 MP: 11/11
  9243 | D:10     | Noticed a two-headed ogre
  9249 | D:10     | Killed a two-headed ogre
  9256 | D:10     | Reached skill level 10 in Fighting
  9362 | D:10     | Killed an unseen horror
  9512 | D:10     | Reached skill level 10 in Armour
  9526 | D:10     | Received a gift from Trog
  9549 | D:10     | Noticed Nergalle
  9556 | D:10     | Killed Nergalle
  9623 | D:10     | Noticed a vault guard
  9634 | D:10     | Killed a vault guard
  9640 | D:10     | Found a portal to a secret trove of treasure.
 10043 | D:11     | Noticed a manticore
 10058 | D:11     | Killed a manticore
 10058 | D:11     | Reached skill level 10 in Maces & Flails
 10146 | D:11     | Reached XP level 12. HP: 79/79 MP: 12/12
 10351 | D:11     | Found Abab's Armour Boutique.
 10359 | D:11     | Bought a +1 helmet of see invisible for 297 gold pieces
 10793 | D:12     | Noticed a two-headed ogre
 10798 | D:12     | Killed a two-headed ogre
 10798 | D:12     | Received a gift from Trog
 10932 | D:12     | Noticed a seven-headed hydra
 10944 | D:12     | Killed a seven-headed hydra
 11251 | D:12     | Noticed a two-headed ogre
 11260 | D:12     | Killed a two-headed ogre
 11737 | D:12     | Noticed a two-headed ogre
 11739 | D:12     | Killed a two-headed ogre
 11739 | D:12     | Noticed Maggie
 11747 | D:12     | Killed Maggie
 11853 | D:13     | Noticed a centaur warrior
 11859 | D:13     | Killed a centaur warrior
 11894 | D:13     | Reached XP level 13. HP: 57/86 MP: 13/13
 12226 | D:13     | Received a gift from Trog
 12523 | D:13     | Noticed a fire dragon
 12536 | D:13     | Killed a fire dragon
 12582 | D:13     | Found a gate to the Vaults.
 12674 | D:13     | Noticed an entropy weaver
 12692 | D:13     | Killed an entropy weaver
 12762 | D:13     | Noticed an entropy weaver
 12768 | D:13     | Killed an entropy weaver
 13125 | D:14     | Reached skill level 10 in Dodging
 13467 | D:14     | Received a gift from Trog
 13468 | D:14     | Got a scorched dire flail {god gift}
 13474 | D:14     | Identified the +2 dire flail of Qanicinn {flame, rC++}
                  | (Trog gifted it to you on level 14 of the Dungeon)
 13733 | D:14     | Found an iron altar of Okawaru.
 13784 | D:14     | Gained mutation: Your large and strong wings let you fly
                  | indefinitely. [Gargoyle growth]
 13784 | D:14     | Reached XP level 14. HP: 94/94 MP: 14/14
 14165 | D:15     | Entered Level 15 of the Dungeon
 14860 | D:15     | Found a staircase to the Depths.
 15123 | D:15     | Found a shadowy altar of Dithmenos.
 15345 | D:15     | Found a shattered altar of Ashenzari.
 15698 | D:8      | Received a gift from Trog
 15715 | D:8      | Killed twoshot's ghost
 15825 | Lair:1   | Entered Level 1 of the Lair of Beasts
 15966 | Lair:1   | Got a faintly humming plate armour
 16624 | Lair:1   | Identified the +9 plate armour of the Moneychanger {Str+4
                  | Slay+3} (You found it on level 1 of the Lair of Beasts)
 16654 | Lair:2   | Found a staircase to the Snake Pit.
 17532 | Lair:3   | Found a staircase to the Shoals.
 18267 | Lair:4   | Received a gift from Trog
 18384 | Lair:4   | Noticed Urug
 18394 | Lair:4   | Killed Urug
 18394 | Lair:4   | Reached XP level 15. HP: 85/100 MP: 15/15
 18902 | Lair:5   | Found a runed translucent gate.
 18902 | Lair:5   | Found a runed translucent gate.
 18902 | Lair:5   | Found a runed translucent gate.
 18987 | Lair:5   | Found a viscous altar of Jiyva.
 18987 | Lair:5   | Found a staircase to the Slime Pits.
 19344 | Lair:5   | Noticed Tux's ghost (journeyman FoFi)
 19383 | Lair:5   | Killed Tux's ghost
 19446 | Lair:5   | You are sucked into a shaft and drop 1 floor!
 19446 | Lair:6   | Entered Level 6 of the Lair of Beasts
 19492 | Lair:6   | Found a gate leading to a gauntlet.
 19531 | Lair:6   | Received a gift from Trog
 19656 | Gauntlet | Entered a Gauntlet
 19656 | Gauntlet | Found a transporter.
 19656 | Gauntlet | Found a transporter.
 19657 | Gauntlet | Found a transporter.
 19659 | Gauntlet | Found a transporter.
 19671 | Gauntlet | Found a transporter.
 19673 | Gauntlet | Found a transporter.
 19679 | Gauntlet | Found a transporter.
 19694 | Gauntlet | Found a transporter.
 19717 | Gauntlet | Found a transporter.
 19742 | Gauntlet | Found a transporter.
 19801 | Gauntlet | Found a transporter.
 19816 | Gauntlet | Found a transporter.
 19866 | Gauntlet | Reached skill level 15 in Fighting
 20078 | Gauntlet | Got a scorched lead ring
 20085 | Gauntlet | Identified the cursed ring "Tiurphos" {rN+ Str-3 Dex+3}
                  | (You found it in a Gauntlet)
 20161 | Gauntlet | Got a crude ivory ring
 20186 | Lair:6   | Identified the ring "Nenkikk" {rC+ Stlth-} (You found it in
                  | a Gauntlet)
 20222 | Lair:5   | Got a polished cloak
 20228 | Lair:5   | Identified the cursed +0 cloak of Wonder {MR+ Dex+4} (You
                  | found it on level 5 of the Lair of Beasts)
 20915 | Lair:6   | Got a pitted ring mail
 20926 | Lair:6   | Identified the cursed +0 ring mail of Tulips {rCorr Str+4
                  | Int+3 SInv} (You found it on level 6 of the Lair of Beasts)
 21321 | Lair:6   | Reached skill level 15 in Armour
 21350 | Lair:6   | Reached XP level 16. HP: 70/108 MP: 16/16
 21363 | Lair:6   | Got a wavering wooden ring
 21375 | Lair:6   | Identified the ring "Zoch" {Wiz -Tele rElec rF+ MR+} (You
                  | found it on level 6 of the Lair of Beasts)
 21809 | Lair:5   | Got a fine falchion
 21810 | Lair:5   | Identified the cursed +2 falchion "Jellybane" {slice, rC++
                  | MR- Dex+4} (You found it on level 5 of the Lair of Beasts)
 21977 | Orc:1    | Entered Level 1 of the Orcish Mines
 22022 | Orc:1    | Received a gift from Trog
 22149 | Orc:2    | Entered Level 2 of the Orcish Mines
 22470 | Orc:2    | Found a staircase to the Elven Halls.
 22578 | Orc:2    | Received a gift from Trog
 22612 | Orc:2    | Got an iridescent battleaxe {god gift}
 22688 | Orc:2    | Identified the +2 battleaxe of Guilt {chop, Str+5 Int-2
                  | Stlth+} (Trog gifted it to you on level 2 of the Orcish
                  | Mines)
 22724 | Orc:2    | Found Olociwun's Book Shop.
 22724 | Orc:2    | Found Mumal's Gadget Shoppe.
 22724 | Orc:2    | Found Ninyo's Distillery.
 22727 | Orc:2    | Found Lihuskunn's Book Boutique.
 22734 | Orc:2    | Bought a potion of heal wounds for 80 gold pieces
 22734 | Orc:2    | Bought a potion of haste for 160 gold pieces
 22734 | Orc:2    | Bought a potion of might for 64 gold pieces
 22773 | Orc:2    | Found a runed translucent gate.
 22773 | Orc:2    | Found a runed translucent gate.
 22773 | Orc:2    | Found a runed translucent gate.
 23000 | Orc:2    | Found a roughly hewn altar of Beogh.
 23056 | Orc:2    | Identified the +9 plate armour of Hide-and-Seek {+Blink
                  | rElec rF+ rN++}
 23058 | Orc:2    | Noticed emperorscorpion's ghost (journeyman DDBe)
 23085 | Orc:2    | Identified the ring "Vydoora" {Wiz *Slow rElec rF+}
 23210 | Orc:2    | Found a roughly hewn altar of Beogh.
 23228 | Orc:2    | Killed emperorscorpion's ghost
 23958 | Shoals:1 | Entered Level 1 of the Shoals
 23961 | Shoals:1 | Noticed a kraken
 23992 | Shoals:1 | Killed a kraken
 24619 | Shoals:1 | Received a gift from Trog
 25004 | Shoals:1 | Noticed a kraken
 25026 | Shoals:1 | Killed a kraken
 25085 | Shoals:1 | Found Douck's Gadget Shop.
 25333 | Shoals:2 | Reached skill level 15 in Maces & Flails
 25528 | Shoals:2 | Noticed Louise
 25547 | Shoals:2 | Cast into level 3 of the Abyss (Louise)
 25586 | Abyss:3  | Noticed a hellephant
 25643 | Abyss:3  | Reached XP level 17. HP: 87/115 MP: 17/17
 25663 | Abyss:3  | Found a corrupted altar of Lugonu.
 25664 | Abyss:3  | Noticed a hellephant
 25697 | Shoals:2 | Escaped the Abyss
 25733 | Shoals:2 | Killed Louise
 26074 | Shoals:2 | Noticed Ilsuiw
 26137 | Shoals:2 | Killed Ilsuiw
 26584 | Shoals:3 | Noticed Polyphemus
 26722 | Shoals:3 | Killed Polyphemus
 27242 | Shoals:3 | Received a gift from Trog
 27246 | Shoals:3 | Got a faintly glowing great mace {god gift}
 27267 | Shoals:3 | Identified the +6 great mace of Patterns {crush, rElec}
                  | (Trog gifted it to you on level 3 of the Shoals)
 27431 | Shoals:3 | Noticed a kraken
 27452 | Shoals:3 | Killed a kraken
 27792 | Shoals:4 | Entered Level 4 of the Shoals
 28024 | Shoals:4 | Got a distressingly furry ring mail
 28043 | Shoals:4 | Identified the +6 ring mail "Gatwatef" {MR+ Slay+2} (You
                  | found it on level 4 of the Shoals)
 28168 | Shoals:4 | Noticed a kraken
 28541 | Shoals:4 | Received a gift from Trog
 28650 | Shoals:4 | Killed a kraken
 28657 | Shoals:4 | Reached XP level 18. HP: 102/122 MP: 18/18
 28876 | Shoals:4 | Got a barnacled rune of Zot
 29204 | Shoals:4 | Got a twitching tin ring
 29206 | Shoals:4 | Identified the ring of the Manifold People {rF- MR- Int+5
                  | SInv Stlth-} (You found it on level 4 of the Shoals)
 29643 | Orc:2    | Bought a wand of digging (3) for 210 gold pieces
 29823 | Lair:6   | Got a warped silver ring
 29825 | Lair:6   | Identified the ring "Nigix" {*Tele *Corrode rPois rF+} (You
                  | found it on level 6 of the Lair of Beasts)
 30036 | Snake:1  | Entered Level 1 of the Snake Pit
 30235 | Snake:1  | Noticed Rupert
 30256 | Snake:1  | Killed Rupert
 30381 | Snake:1  | Found an ancient bone altar of Kikubaaqudgha.
 30590 | Snake:1  | Received a gift from Trog
 31868 | Snake:2  | Received a gift from Trog
 32412 | Snake:3  | Got a slimy morningstar
 32413 | Snake:3  | Identified the +6 morningstar of Ripperyd {crush, *Corrode
                  | Int+5} (You found it on level 3 of the Snake Pit)
 32534 | Snake:3  | Reached XP level 19. HP: 117/128 MP: 19/19
 32819 | Snake:4  | Entered Level 4 of the Snake Pit
 32819 | Snake:4  | Found Obemp's Weapon Shop.
 32960 | Snake:4  | Got a slimy plate armour
 32963 | Snake:4  | Identified the +2 plate armour "Weumpetu" {Int+2} (You
                  | found it on level 4 of the Snake Pit)
 32975 | Snake:4  | Found Qaent's Weapon Shoppe.
 33111 | Snake:4  | Reached skill level 15 in Dodging
 33373 | Snake:4  | Found Emaeten's Magic Scroll Boutique.
 33435 | Snake:4  | Found Zeib's Antique Armour Shoppe.
 33457 | Snake:4  | Bought a faintly glowing chain mail for 323 gold pieces
 33467 | Snake:4  | Identified the +1 chain mail of Demons {Int+2} (You bought
                  | it in a shop on level 4 of the Snake Pit)
 33547 | Snake:4  | Found Qushrung's Weapon Emporium.
 33772 | Snake:4  | Received a gift from Trog
 33773 | Snake:4  | Got a faintly glowing dire flail {god gift}
 33812 | Snake:4  | Identified the +1 dire flail of Boarop {crush, rF- rC+++
                  | MR+ Str+3} (Trog gifted it to you on level 4 of the Snake
                  | Pit)
 34083 | Snake:4  | Got a serpentine rune of Zot
 34491 | Vaults:1 | Entered Level 1 of the Vaults
 34966 | D:10     | You paid a toll of +3 fire dragon scales to enter a
                  | treasure trove
 34967 | Trove    | Entered a treasure trove
 35583 | Vaults:1 | Received a gift from Trog
 35746 | Vaults:1 | Reached XP level 20. HP: 130/136 MP: 20/20
 35842 | Vaults:1 | Reached skill level 1 in Evocations
 35854 | Vaults:1 | Noticed Donald
 35861 | Vaults:1 | Killed Donald
 35872 | Vaults:1 | Identified 3 scrolls of acquirement
 35879 | Vaults:1 | Identified the ring of the Lotus Blossom {rPois MR+} (You
                  | acquired it on level 1 of the Vaults)
 36406 | Vaults:1 | You are sucked into a shaft and drop 1 floor!
 36420 | Vaults:2 | Received a gift from Trog
 37129 | Vaults:2 | Received a gift from Trog
 37261 | Vaults:2 | Found an ancient bone altar of Kikubaaqudgha.
 37262 | Vaults:2 | You are sucked into a shaft and drop 2 floors!
 37520 | Vaults:2 | Found a staircase to the Crypt.
 37521 | Vaults:2 | Found a basalt altar of Yredelemnul.
 37740 | Vaults:2 | Received a gift from Trog
 37905 | Vaults:2 | Reached XP level 21. HP: 143/143 MP: 24/24
 38546 | Vaults:3 | Received a gift from Trog
 38971 | Vaults:3 | Reached skill level 5 in Evocations
 39107 | Vaults:3 | Cast into level 3 of the Abyss (a deep elf sorcerer)
 39260 | Abyss:3  | Gained mutation: You are robust. (+10% HP) [a shining eye]
 39261 | Abyss:3  | Gained mutation: Scrolls take you a little longer to read.
                  | [a shining eye]
 39312 | Abyss:3  | Received a gift from Trog
 39338 | Abyss:3  | Noticed a bone dragon
 39362 | Abyss:3  | Killed a bone dragon
 39465 | Abyss:3  | Got a spiked scale mail
 39503 | Abyss:3  | Paralysed by accursed screaming for 1 turns
 39516 | Abyss:3  | Paralysed by accursed screaming for 1 turns
 39518 | Abyss:3  | Killed from afar by a smoke demon

Levels and vault maps discovered:
D:1:      scummos_arrival_star, layout_loops_corners,
          chequers_serial_rivers_micro_d, minmay_stone_trees_medium,
          minmay_tetromino_o2
D:2:      layout_basic
D:3:      layout_loops_ring, first_ration, uniq_grinder
D:4:      layout_cave_pools
D:5:      layout_loops_corners, minmay_temple_entry_large_hall,
          skrybe_limestone_x, uniq_sigmund
D:6:      layout_basic
D:7:      layout_basic, nicolae_ossuary_entry_monument, minmay_gold_behind_fungi
D:8:      layout_cave_pods, gammafunk_ghost_stat_death
D:9:      layout_small_grid, marbit_many_paths, erik_lair_island, orc_0_dummy,
          enter_bailey_2
D:10:     layout_loops_cross, enter_trove_5, grunt_livestock, nrook_mini_vaults,
          small_chamber_with_monster, uniq_nergalle
D:11:     layout_irregular_city, serial_shops, nicolae_shop_trees
D:12:     layout_loops_corners, uniq_maggie
D:13:     layout_roguey, david_vaults_4, minmay_another_anthill
D:14:     layout_rooms, minmay_misc_feat_rugged, basic_altar
D:15:     grunt_enter_depths_magical_seal, layout_long_grid,
          grunt_dithmenos_smoke_and_mirrors, basic_altar
Lair:1:   layout_gridlike, grunt_megastairs_5
Lair:2:   layout_regular_city, guppyfry_snake_entry_island, beast_lair_carwin_6
Lair:3:   layout_roguey, minmay_shoals_entry_centaurs, st_stairs_7
Lair:4:   layout_gridlike, uniq_urug
Lair:5:   layout_misc_corridors, slime_altar_1, gammafunk_ghost_split,
          beast_lair_carwin_9, minmay_lair_oklob_chamber
Lair:6:   due_jungle_book, layout_loops_ring, gauntlet_entry_generic,
          minmay_hedge_maze
Shoals:1: layout_shoals, serial_shops, nicolae_shop_waterfront,
          nicolae_shoals_so_close
Shoals:2: layout_shoals, uniq_ilsuiw, uniq_louise
Shoals:3: layout_shoals, uniq_polyphemus
Shoals:4: shoals_end_hangedman, layout_shoals
Snake:1:  layout_onion_interference, basic_altar, uniq_rupert
Snake:2:  layout_onion_interference, st_stairs_13, lemuel_fruit_tree,
          serial_bayou_shore_b
Snake:3:  layout_cave_town, guppyfry_library_mini, serial_bayou_shore_a
Snake:4:  grunt_snake_rune_pools, layout_onion, serial_shops,
          nicolae_shop_crystal, nicolae_shop_behind_doors, nicolae_shop_stone,
          nicolae_shop_waterfront, shop_statue
Orc:1:    layout_caves
Orc:2:    st_orc_rangers, layout_diamond_mine, biasface_ghost_orc_armoury,
          kennysheep_orc_chapel
Vaults:1: hangedman_vaults_capsules, v_alt_pattern_4, ontoclasm_vaults_tryst,
          grunt_vaults_focal, vaults_room_hallway, grunt_vaults_hallway_short,
          layout_vaults_chaotic_city, uniq_donald
Vaults:2: minmay_crypt_entry_necro_gods, nicolae_vaults_big_angled_halls,
          grunt_vaults_hallway_long, ontoclasm_vaults_idyll,
          nicolae_vaults_asterisk, v_misc_3, v_misc_1,
          nicolae_vaults_diagonal_hallway_8, ontoclasm_vaults_eye,
          grunt_vaults_diagonal, vaults_mumra_lcd, v_misc_11,
          vaults_standard_mumra_x, v_misc_3, grunt_vaults_hallway_long,
          layout_vaults_maze_bifur
Vaults:3: hangedman_vaults_locks, v_misc_8, nicolae_vaults_network_square,
          dpeg_vaults_pockets_of_resistance, ontoclasm_vaults_bender,
          grunt_vaults_hallway_long, v_misc_11, v_rooms_1,
          ontoclasm_vaults_ring_square, hangedman_vaults_restitches,
          layout_vaults_ring
Vaults:4: hangedman_vaults_cutoff, ontoclasm_vaults_twist, v_misc_4,
          grunt_vaults_hallway_short, hangedman_vaults_stream,
          vaults_room_pools, sword_in_stone, nicolae_vaults_ninety_degrees,
          vaults_mumra_hex, nicolae_vaults_ring_of_whatevers,
          vaults_dpeg_diagonal, hangedman_vaults_restitches,
          ontoclasm_vaults_ligature, nicolae_vaults_little_squares_4,
          layout_vaults_omnibox, serial_shops, shop
Abyss:3:  base: D:4, minivault_13, evilmike_abyss_rune_elephants_shrine,
          hangedman_decor_peaks_small, base:
Snake:2

Skill      XL: |  1  2  3  4  5  6  7  8  9 10 11 12 13 14 15 16 17 18 19 20 21 |
---------------+----------------------------------------------------------------+-----
Dodging        | 2 3 4 5 7 8 9 10 11 12 13 14 15 17 | 17.9
Armour         | 3 4 5 6 7 9 10 11 12 14 15 16 17 18 19 | 19.3
Fighting       | 4 5 7 8 9 10 12 13 14 15 16 17 18 19 | 19.5
Maces & Flails | 4 5 6 7 8 10 11 12 13 14 15 16 17 18 19 | 19.6
Evocations     | 4 5 |  5.5

Action                   |  1- 3 |  4- 6 |  7- 9 | 10-12 | 13-15 | 16-18 | 19-21 || total
-------------------------+-------+-------+-------+-------+-------+-------+-------++-------
Melee: Mace              |   134 |   136 |   498 |       |       |       |       ||   768
       Dire flail        |       |       |    95 |   549 |  1110 |  1231 |       ||  2985
       Whip              |       |       |    28 |     7 |       |       |       ||    35
       Great mace        |       |       |       |       |    24 |   768 |  1583 ||  2375
Throw: Throwing net      |       |       |       |       |     1 |       |       ||     1
Invok: Berserk           |       |     2 |     6 |     3 |    12 |     7 |     4 ||    34
       Trog's Hand       |       |     1 |     4 |     2 |     2 |    10 |     2 ||    21
       Brothers in Arms  |       |       |       |       |     6 |     6 |     5 ||    17
 Abil: Fly               |       |       |       |       |     1 |       |       ||     1
Evoke: Wand              |       |       |       |       |       |     4 |       ||     4
  Use: Scroll            |       |       |    12 |     5 |    17 |     9 |    16 ||    59
       Potion            |       |       |       |     2 |       |     2 |     1 ||     5
 Stab: Distracted        |       |       |       |       |     1 |     1 |       ||     2
       Invisible         |       |       |       |       |       |    12 |       ||    12
       Petrified         |       |       |       |       |       |     4 |       ||     4
       Petrifying        |       |       |       |       |       |     1 |       ||     1
  Eat: Chunk             |     2 |     7 |    32 |    13 |    32 |    44 |    22 ||   152
       Ration            |       |       |       |       |     4 |     2 |     3 ||     9
Armor: Animal skin       |    26 |       |       |       |       |       |       ||    26
       Ring mail         |    17 |       |       |       |    11 |   217 |       ||   245
       Scale mail        |    52 |    85 |   401 |   370 |   306 |       |       ||  1214
       Plate armour      |       |       |       |       |   376 |  1532 |  1374 ||  3282
Dodge: Dodged            |   103 |    77 |   364 |   413 |   722 |  2150 |  1537 ||  5366

Table legend:
 A = Non-vault XP
 B = Vault XP
 C = Vault XP percentage of total XP
 D = Non-vault monster count
 E = Vault monster count
 F = Vault count percentage of total count
                 A         B        C        D         E       F
            +---------+---------+-------+---------+---------+-------
      Total |  395489 |  170116 |  30.1 |    1070 |     399 |  27.2
            +---------+---------+-------+---------+---------+-------
        D:1 |      26 |       1 |   3.7 |      14 |       1 |   6.7
        D:2 |      65 |       0 |   0.0 |      25 |       0 |   0.0
        D:3 |     285 |     262 |  47.9 |      23 |       1 |   4.2
        D:4 |     650 |       0 |   0.0 |      25 |       0 |   0.0
        D:5 |     561 |     227 |  28.8 |      28 |       1 |   3.4
        D:6 |     615 |       0 |   0.0 |      15 |       0 |   0.0
        D:7 |    1049 |       0 |   0.0 |      22 |       0 |   0.0
        D:8 |    1701 |     981 |  36.6 |      20 |       6 |  23.1
        D:9 |    1328 |     931 |  41.2 |      18 |       9 |  33.3
       D:10 |    5286 |    2998 |  36.2 |      31 |       8 |  20.5
       D:11 |    3712 |       0 |   0.0 |      33 |       0 |   0.0
       D:12 |    7482 |     376 |   4.8 |      36 |       1 |   2.7
       D:13 |    9475 |    7884 |  45.4 |      34 |      33 |  49.3
       D:14 |   12433 |       0 |   0.0 |      32 |       0 |   0.0
       D:15 |   11713 |    3723 |  24.1 |      31 |       8 |  20.5
     Lair:1 |    2255 |     342 |  13.2 |      10 |       2 |  16.7
     Lair:2 |    2445 |    1733 |  41.5 |      14 |      11 |  44.0
     Lair:3 |    8151 |     663 |   7.5 |      22 |       3 |  12.0
     Lair:4 |    4717 |     855 |  15.3 |      18 |       1 |   5.3
     Lair:5 |    5428 |    9527 |  63.7 |      21 |      17 |  44.7
     Lair:6 |   24841 |    2920 |  10.5 |      63 |       5 |   7.4
   Shoals:1 |   18715 |     183 |   1.0 |      36 |       1 |   2.7
   Shoals:2 |    9382 |    7157 |  43.3 |      25 |       8 |  24.2
   Shoals:3 |   22955 |    4171 |  15.4 |      48 |       3 |   5.9
   Shoals:4 |   10097 |   14915 |  59.6 |      21 |      24 |  53.3
    Snake:1 |   19632 |    3079 |  13.6 |      38 |       1 |   2.6
    Snake:2 |   20113 |     927 |   4.4 |      33 |       1 |   2.9
    Snake:3 |   22009 |    4192 |  16.0 |      43 |       9 |  17.3
    Snake:4 |   15117 |   37983 |  71.5 |      23 |      57 |  71.2
      Orc:1 |    1611 |       0 |   0.0 |      14 |       0 |   0.0
      Orc:2 |    1527 |    9372 |  86.0 |      29 |      54 |  65.1
   Vaults:1 |   34317 |    6277 |  15.5 |      67 |       7 |   9.5
   Vaults:2 |   55933 |   13379 |  19.3 |      78 |      28 |  26.4
   Vaults:3 |   23100 |   17842 |  43.6 |      29 |      25 |  46.3
   Vaults:4 |    7743 |    5283 |  40.6 |      15 |       6 |  28.6
    Abyss:3 |   28252 |    7817 |  21.7 |      34 |       9 |  20.9
    Ossuary |       0 |     426 | 100.0 |       0 |      30 | 100.0
     Bailey |       0 |     883 | 100.0 |       0 |      16 | 100.0
   Gauntlet |     768 |    2807 |  78.5 |       2 |      13 |  86.7
            +---------+---------+-------+---------+---------+-------
